 Dungeon Sprint DCSS version 0.30-a0-779-g7971cf19c3 (webtiles) character file.

Game seed: 7153010697560924787

1075 runemasterragnar the Grappler (level 8, 0/79 HPs)
             Began as a Troll Earth Elementalist on Feb 17, 2023.
             Was a Believer of Cheibriados.
             Slain by an unseen horror (5 damage)
             ... in the Dungeon (Sprint IX: "|||||||||||||||||||||||||||||").
             The game lasted 00:01:00 (155 turns).

runemasterragnar the Grappler (TrEE)                 Turns: 155, Time: 00:01:00

Health: 0/79       AC:  4    Str: 24    XL:     8   Next: 8%
Magic:  11/13      EV: 16    Int: 16    God:    Cheibriados [**....]
Gold:   0          SH:  0    Dex: 15    Spells: 14/15 levels left

rFire   . . .      SeeInvis .      - Unarmed
rCold   . . .      Faith    .    (no shield)
rNeg    . . .      Spirit   .    a - +0 robe
rPois   .          Reflect  .    (helmet restricted)
rElec   .          Harm     .    (no cloak)
rCorr   .          Rampage  .    (gloves unavailable)
Will    .....      NoTele   +    (boots unavailable)
Stlth   +++                      (no amulet)
HPRegen 1.13/turn                j - +2 ring of evasion
MPRegen 0.13/turn                k - +2 ring of evasion

@: on berserk cooldown, slowed, very slow
A: large, unfitting armour, claws 3, regeneration 1, shaggy fur 1, tough skin 1
a: Renounce Religion, Bend Time


You were in the Dungeon.
You worshipped Cheibriados.
Cheibriados was pleased with you.
You visited 1 branch

Inventory:

Armour
 a - a +0 robe (worn)
Jewellery
 j - a +2 ring of evasion (left claw)
 k - a +2 ring of evasion (right claw)
Wands
 i - a wand of iceblast (10)
Scrolls
 g - 2 scrolls of blinking
 h - 2 scrolls of amnesia
Potions
 b - 5 potions of magic
 c - a potion of invisibility
 d - 3 potions of heal wounds
 e - 4 potions of curing


   Skills:
 + Level 4.8 Fighting
 + Level 5.3 Dodging
 + Level 3.9 Stealth
 * Level 8.6 Unarmed Combat
 + Level 4.0 Spellcasting
 + Level 4.5 Transmutations
 + Level 6.2 Earth Magic
 + Level 3.9 Invocations


You had 14 spell levels left.
You knew the following spells:

 Your Spells              Type           Power      Damage    Failure   Level
a - Sandblast             Erth           46%        2d11      1%          1

Your spell library contained the following spells:

 Spells                   Type           Power      Damage    Failure   Level
 Passwall                 Tmut/Erth      16%        N/A       2%          2
 Stone Arrow              Conj/Erth      26%        3d8       14%         3
 Petrify                  Tmut/Erth      20%        N/A       19%         4


Dungeon Overview and Level Annotations

Branches:
Dungeon (1/1)

Altars:
Cheibriados
Dithmenos
Elyvilon
Fedhas
Gozag
Hepliaklqana
Kikubaaqudgha
Makhleb
Nemelex Xobeh
Okawaru
Qazlal
Ru
Sif Muna
Trog
Uskayaw
Vehumet
Wu Jian
Xom
Yredelemnul
Zin
The Shining One
Jiyva
Lugonu


Innate Abilities, Weirdness & Mutations

You are too large for most types of armour.
You have claws for hands.
Your natural rate of healing is unusually fast.
You are covered in fur. (AC +1)
You have tough skin. (AC +1)


Message History

You barely miss the killer bee. The killer bee closely misses you.
The killer bee misses you.
You miss the killer bee. The killer bee stings you. The killer bee misses you.
You miss the killer bee.
You are no longer berserk.
You are exhausted.
You feel yourself slow down. The killer bee stings you.
The killer bee closely misses you.
You closely miss the killer bee. The killer bee barely misses you.
The killer bee stings you but does no damage.
You mangle the killer bee!!
You kill the killer bee!
Cheibriados thoroughly appreciates the change of pace.
Cheibriados raises the support of your attributes as your movement slows.
Something hits you but does no damage.
Deactivating autopickup; reactivate with Ctrl-A.
Something hits you but does no damage.
Your Spellcasting skill increases to level 4!
You closely miss something. Something hits you! Something hits you.
You closely miss something. Something completely misses you.
Something hits you.
You scratch something. Something hits you. x3
You claw something! Something barely misses you. Something hits you. x2
* * * LOW HITPOINT WARNING * * *
Something hits you but does no damage. Something hits you.
* * * LOW HITPOINT WARNING * * *
Something hits you but does no damage.
There is an open door to the Dungeon, spattered with blood here.
Items here: ( )))) [ ††.
You claw something! Something hits you.
* * * LOW HITPOINT WARNING * * *
Something completely misses you. Something hits you.
* * * LOW HITPOINT WARNING * * *
You closely miss something. Something hits you but does no damage.
You barely miss something. Something hits you but does no damage.
Something hits you!
* * * LOW HITPOINT WARNING * * *
Something hits you.
You die... ▓▓▓▓▓▓▓▓▓▓▓▓▓▓▓▓▓▓▓▓▓▓▓▓ ______'..).[[[..@{.....+ ▓▓▓▓▓▓▓▓▓▓▓▓▓▓▓▓▓▓▓▓▓▓▓▓

There were no monsters in sight!

Vanquished Creatures
  A two-headed ogre (D)
  A shadow (D)
  A black bear (D)
  A phantom (D)
  A kobold brigand (D)
  A killer bee (D)
  An orc wizard (D)
  2 adders (D)
  A dart slug (D)
  An endoplasm (D)
  2 giant cockroaches (D)
  A hobgoblin (D)
  A jackal (D)
15 creatures vanquished.

Notes
Turn   | Place    | Note
-------+----------+-------------------------------------------
     0 | D        | runemasterragnar the Troll Earth Elementalist began the
                  | quest for the Orb.
     0 | D        | Reached XP level 1. HP: 16/16 MP: 1/1
    12 | D        | Reached skill level 1 in Unarmed Combat
    16 | D        | Reached skill level 1 in Transmutations
    27 | D        | Noticed a phantom
    27 | D        | Noticed a black bear
    30 | D        | Reached XP level 2. HP: 26/26 MP: 1/3
    41 | D        | Killed a phantom
    42 | D        | Reached skill level 4 in Unarmed Combat
    42 | D        | Reached XP level 3. HP: 15/35 MP: 1/5
    42 | D        | Reached XP level 4. HP: 18/42 MP: 1/6
    62 | D        | Killed a black bear
    63 | D        | Reached skill level 5 in Unarmed Combat
    63 | D        | Reached XP level 5. HP: 20/52 MP: 3/8
    70 | D        | Found a snail-covered altar of Cheibriados.
    70 | D        | Found a shadowy altar of Dithmenos.
    70 | D        | Found a white marble altar of Elyvilon.
    70 | D        | Found a blossoming altar of Fedhas.
    70 | D        | Found an opulent altar of Gozag.
    71 | D        | Found a hazy altar of Hepliaklqana.
    72 | D        | Found a viscous altar of Jiyva.
    73 | D        | Found an ancient bone altar of Kikubaaqudgha.
    74 | D        | Became a worshipper of Cheibriados the Contemplative
    75 | D        | Found a corrupted altar of Lugonu.
    76 | D        | Found a burning altar of Makhleb.
    77 | D        | Found a sparkling altar of Nemelex Xobeh.
    78 | D        | Found an iron altar of Okawaru.
    79 | D        | Found a stormy altar of Qazlal.
    83 | D        | Found a sacrificial altar of Ru.
    84 | D        | Found a shimmering blue altar of Sif Muna.
    85 | D        | Found a bloodstained altar of Trog.
    86 | D        | Found a hide-covered altar of Uskayaw.
    87 | D        | Found a radiant altar of Vehumet.
    98 | D        | Found an ornate altar of the Wu Jian Council.
    99 | D        | Found a shimmering altar of Xom.
   100 | D        | Found a basalt altar of Yredelemnul.
   101 | D        | Found a glowing silver altar of Zin.
   102 | D        | Found a glowing golden altar of the Shining One.
   128 | D        | Noticed a shadow
   128 | D        | Noticed a two-headed ogre
   132 | D        | Killed a shadow
   133 | D        | Reached skill level 6 in Unarmed Combat
   133 | D        | Reached skill level 5 in Earth Magic
   133 | D        | Reached skill level 1 in Invocations
   133 | D        | Reached XP level 6. HP: 61/61 MP: 9/9
   136 | D        | Reached * piety under Cheibriados
   140 | D        | Killed a two-headed ogre
   141 | D        | Reached skill level 5 in Dodging
   141 | D        | Reached skill level 8 in Unarmed Combat
   141 | D        | Reached XP level 7. HP: 60/71 MP: 9/11
   141 | D        | Reached XP level 8. HP: 67/79 MP: 9/12
   142 | D        | Reached ** piety under Cheibriados
   155 | D        | Slain by an unseen horror

Illustrated notes

Levels and vault maps discovered:
D:        linesprint [early_d, line_temple, items_1, d_10, items_2, lair_1,
          lair_end, items_3, orc_1, orc_end, items_4, d_15, swamp_1, shoals_1,
          snake_1, spider_1, d_20, vaults_1, items_5, swamp_end, shoals_end,
          snake_end, spider_end, vaults_end, d_27, items_6, zot_1, zot_end,
          crypt_end, forest_end, elf_end, slime_end, tomb_end, abyss_end,
          pan_hell_end]

Skill      XL: |  1  2  3  4  5  6  7  8 |
---------------+-------------------------+-----
Unarmed Combat | 1 4 5 6 8 |  8.6
Transmutations | 1 2 3 4 |  4.5
Earth Magic    | 3 4 5 6 |  6.2
Dodging        | 2 3 4 5 |  5.3
Fighting       | 2 3 4 |  4.8
Stealth        | 2 3 |  3.9
Spellcasting   | 2 3 4 |  4.0
Invocations    | 1 3 |  3.9

Action                     |  1- 3 |  4- 6 |  7- 9 || total
---------------------------+-------+-------+-------++-------
  Melee: Unarmed           |    29 |    33 |    14 ||    76
    Use: Potion            |     1 |     2 |       ||     3
 Armour: Robe              |     5 |     6 |     8 ||    19
  Dodge: Dodged            |    10 |    14 |     8 ||    32

Table legend: (Time is in decaauts)
 A = Elapsed time spent in this place.
 B = Non-inter-level travel time spent in this place.
 C = Inter-level travel time spent in this place.
 D = Time resting spent in this place.
 E = Time spent auto-exploring this place.
 F = Levels seen in this place.
 G = Mean time per level.
                   A        B        C        D        E       F      G
               +--------+--------+--------+--------+--------+-----+--------+
         Total |    145 |    145 |      0 |     12 |      0 |   1 |  145.0 |
       Dungeon |    145 |    145 |      0 |     12 |      0 |   1 |  145.0 |
               +--------+--------+--------+--------+--------+-----+--------+

Top non-repeatable levels by time:
       D: 145 daAuts
